Map: Rhoskallian LE

Players

Massa - Winner!

  • Race: Terran Terran
  • League: Platinum
  • Spawn Location: 6:00

qqq - Winner!

  • Race: Zerg Zerg
  • Spawn Location: 5:00

whiteman

  • Race: Zerg Zerg
  • League: Diamond
  • Spawn Location: 11:00

Kornisey

  • Race: Protoss Protoss
  • League: Diamond
  • Spawn Location: 12:00

VOD

Have the link to the VOD?

Description

Time

  • Played on: March 15, 2021, 12:14 p.m.
  • Length: 14:37
Show
View Real Time Build Order
Export as new Build Order

Massa Terran - Winner!

Build Orders: 2 Factory 

Get SALT Encoding   

  12  0:00  SCV  
  13  0:13  SCV  
  14  0:24  Supply Depot  
  14  0:25  SCV  
  15  0:35  Refinery  
  15  0:45  SCV  
  15  0:47  Barracks  
  16  0:58  SCV  
  17  1:10  SCV  
  18  1:22  SCV  
  19  1:33  Marine  
  19  1:36  Orbital Command  
  20  1:47  Command Center  
  20  2:00  Supply Depot  
  20  2:05  SCV  
  21  2:15  Factory  
  21  2:23  Barracks Tech Lab  
  21  2:28  SCV  
  21  2:29  Factory  
  22  2:40  SCV  
  22  2:42  Supply Depot  
  23  2:51  Barracks Tech Lab  
  23  2:52  SCV  
  24  3:09  Cyclone  
  24  3:11  SCV  
  24  3:12  Orbital Command  
  28  3:15  Refinery  
  28  3:18  Refinery  
  28  3:32  Barracks Tech Lab  
  28  3:35  SCV  
  28  3:39  Refinery  
  29  3:46  Engineering Bay  
  29  3:47  SCV  
  28  4:03  SCV  
  28  4:04  SCV  
  28  4:06  Cyclone  
  33  4:15  SCV, Mag-Field Accelerator  
  33  4:16  SCV  
  35  4:26  Cyclone  
  38  4:57  Cyclone  
  38  4:58  Cyclone  
  44  5:30  Cyclone x2  
  44  5:55  SCV x2  
  46  6:02  Cyclone x2  
  52  6:05  Barracks  
  52  6:07  SCV x2  
  52  6:08  Barracks  
  54  6:29  Supply Depot  
  54  6:30  Supply Depot x3  
  54  6:51  SCV x2, Cyclone x2  
  62  7:00  Barracks  
  62  7:03  SCV x2  
  64  7:15  SCV x2  
  66  7:23  Siege Tank x2  
  66  7:27  SCV x2  
  74  7:55  Cyclone x2  
  80  7:59  SCV x2  
  82  8:11  SCV x2  
  84  8:29  Cyclone  
  84  8:38  Cyclone  
  84  8:40  Supply Depot  
  78  8:41  Supply Depot  
  78  8:43  Supply Depot x2  
  78  8:44  Command Center  
  78  8:45  Supply Depot  
  72  9:01  Cyclone  
  68  9:10  Cyclone  
  68  9:11  Barracks Reactor, Barracks Tech Lab x2  
  68  9:13  Marauder, Stimpack  
  73  9:33  Siege Tank  
  73  9:34  Marauder  
  72  9:42  Siege Tank  
  72  9:44  Marauder x2  
  79  9:52  Engineering Bay  
  79  9:55  Armory, Marauder  
  81  10:06  Marauder x2  
  85  10:17  Marauder  
  85  10:49  Marauder x3, Marine  
  85  10:50  Marine  
  85  10:52  Siege Tank x2  
  85  10:53  Combat Shield  
  93  10:58  Concussive Shells  
  93  11:01  Starport  
  93  11:05  Starport  
  93  11:07  Marine x2  
  93  11:08  SCV x2  
  93  11:11  Marauder x3  
  103  11:20  SCV  
  103  11:21  SCV  
  103  11:24  Siege Tank x2  
  103  11:25  Marine x2  
  111  11:31  Marine  
  111  11:32  Marauder  
  116  11:33  SCV x2  
  116  11:34  Command Center  
  116  11:37  Marauder  
  120  11:40  Planetary Fortress  
  120  11:43  Marine x2  
  120  11:45  SCV x2  
  124  11:50  Marauder  
  124  11:53  Starport Tech Lab, Starport Reactor, Marauder  
  128  11:57  SCV x2  
  128  11:58  Marauder  
  128  12:01  Marine  
  133  12:03  Marine  
  134  12:09  SCV x2  
  134  12:11  Marauder  
  134  12:15  Marauder  
  129  12:19  Marine  
  129  12:20  Marauder  
  129  12:21  Marine  
  104  12:33  Marauder  
  104  12:35  Medivac x3  
  104  12:36  Marauder, Marine  
  99  12:39  Marine  
  99  12:41  Marauder  
  99  12:44  Siege Tank x2  
  87  12:54  Marauder, Marine  
  87  12:56  Marine  
  87  12:57  Marauder  
  90  13:02  Marauder  
  90  13:05  Medivac x2  
  85  13:15  Marauder  
  85  13:19  Marauder  
  62  13:45  SCV  
  62  13:46  SCV  
  64  13:57  SCV  
  64  13:58  SCV  
  64  14:02  SCV  
  68  14:10  SCV x2  
  68  14:14  SCV  
  70  14:22  SCV x2  
Show
View Real Time Build Order
Export as new Build Order

qqq Zerg - Winner!

Build Orders: Hatch First 

Get SALT Encoding   

  12  0:01  Drone  
  13  0:12  Drone  
  14  0:19  Overlord  
  14  0:50  Hatchery  
  14  0:53  Drone  
  14  0:55  Drone  
  15  1:06  Drone  
  16  1:21  Extractor, Spawning Pool  
  14  1:32  Drone, Overlord  
  15  1:35  Drone  
  16  1:45  Drone  
  17  1:58  Drone  
  18  2:16  Drone x2  
  18  2:18  Overlord  
  18  2:19  Drone  
  18  2:20  Queen  
  23  2:29  Queen  
  23  2:35  Metabolic Boost  
  25  2:39  Drone  
  26  2:45  Drone  
  26  2:46  Zergling x2  
  26  2:50  Drone  
  29  2:58  Evolution Chamber  
  29  3:00  Zergling x2  
  29  3:01  Drone  
  29  3:04  Zergling x2  
  31  3:12  Drone  
  32  3:13  Zergling x4  
  34  3:31  Zerg Melee Weapons Level 1, Zergling x2  
  34  3:32  Zergling x2, Overlord  
  34  3:34  Drone  
  37  3:37  Zergling x2  
  37  3:38  Drone  
  39  3:42  Zergling x2  
  39  3:43  Zergling x2  
  39  3:45  Zergling x2  
  42  3:50  Spore Crawler  
  42  3:55  Spore Crawler  
  40  4:02  Drone, Zergling x4  
  43  4:04  Zergling x2  
  43  4:06  Zergling x2  
  45  4:11  Zergling x2  
  45  4:12  Zergling x2  
  45  4:14  Zergling x2  
  45  4:15  Zergling x2  
  49  4:25  Zergling x2  
  49  4:26  Drone, Zergling x2  
  49  4:30  Lair  
  52  4:40  Overlord x2  
  52  4:47  Overlord  
  52  5:01  Zergling x4  
  52  5:02  Zergling x10  
  56  5:21  Zergling x12  
  58  5:22  Zergling x2  
  59  5:32  Zergling x2  
  49  5:39  Zergling x4  
  47  5:54  Zergling x6  
  50  6:01  Hatchery  
  42  6:11  Zergling x6  
  40  6:22  Zergling x4  
  40  6:23  Zergling x10  
  47  6:33  Drone, Zergling x2  
  49  6:49  Zergling x6  
  49  6:50  Zergling x6  
  53  7:09  Drone x2, Zergling x4  
  53  7:10  Zergling x2  
  58  7:20  Zergling x10  
  63  7:28  Hatchery  
  47  7:40  Zergling x12  
  47  7:41  Zergling x2  
  52  7:46  Zergling x4  
  52  7:47  Zergling x6  
  56  7:57  Queen  
  58  8:01  Zerg Ground Armor Level 1  
  55  8:13  Zergling x12  
  58  8:24  Zergling x4  
  58  8:25  Zergling x2  
  45  8:34  Zergling x6  
  46  8:41  Zergling x4  
  46  8:42  Zergling x4  
  46  8:47  Queen  
  50  8:55  Zergling x8  
  48  9:03  Zergling x6  
  48  9:04  Zergling x2  
  51  9:11  Drone  
  51  9:12  Zergling x4  
  51  9:15  Extractor  
  53  9:18  Drone, Zergling x6  
  53  9:19  Drone  
  56  9:35  Zergling x4  
  56  9:36  Zergling x8  
  54  9:41  Zergling x4  
  54  9:42  Zergling x2  
  57  9:45  Drone  
  57  9:47  Drone  
  56  9:56  Drone x2, Zergling x4  
  56  10:12  Zergling x10  
  56  10:13  Drone x2  
  56  10:22  Zergling x4  
  56  10:23  Zergling x6  
  55  10:38  Zergling x4  
  55  10:39  Drone x2, Zergling x8  
  60  10:52  Spire  
  59  11:01  Drone x2, Zergling x2  
  59  11:02  Zergling x8, Overlord  
  66  11:04  Zergling x2  
  66  11:09  Drone, Zergling x2  
  66  11:10  Zergling x2  
  70  11:16  Extractor  
  70  11:17  Extractor  
  68  11:33  Spine Crawler  
  68  11:39  Zergling x2  
  68  11:40  Drone x5, Zergling x2  
  68  11:41  Drone x6  
  68  11:46  Spore Crawler  
  79  11:47  Extractor  
  78  12:06  Mutalisk x4  
  85  12:18  Overseer x2  
  83  12:26  Pneumatized Carapace  
  79  12:33  Spore Crawler  
  51  12:45  Mutalisk x4, Zergling x2  
  51  12:46  Zergling x6  
  51  12:47  Zergling x8  
  66  12:53  Mutalisk x3, Zergling x4  
  66  12:54  Zergling x2  
  75  13:15  Mutalisk x3, Zergling x2  
  75  13:16  Zergling x6  
  75  13:18  Zergling x2  
  84  13:36  Overlord x3  
  84  13:37  Overlord  
  84  14:00  Mutalisk x4  
  84  14:01  Mutalisk  
  84  14:02  Drone, Zergling x2  
  80  14:14  Zergling x2  
Show
View Real Time Build Order
Export as new Build Order

whiteman Zerg 

Build Orders: Hatch First 

Get SALT Encoding   

  12  0:11  Overlord  
  12  0:18  Drone  
  13  0:31  Drone x2  
  15  0:49  Hatchery  
  14  0:52  Drone  
  14  0:56  Drone  
  16  0:59  Drone  
  18  1:11  Drone  
  18  1:14  Extractor  
  17  1:21  Spawning Pool  
  17  1:24  Drone  
  17  1:29  Drone  
  18  1:37  Drone  
  19  1:49  Overlord  
  19  2:00  Drone  
  20  2:10  Queen x2  
  20  2:11  Zergling x4  
  20  2:13  Drone  
  27  2:20  Drone  
  28  2:28  Metabolic Boost  
  28  2:35  Drone  
  28  2:37  Drone  
  30  2:41  Drone  
  31  2:45  Drone  
  31  2:46  Drone  
  31  2:50  Queen  
  35  2:56  Drone  
  36  2:59  Overlord  
  35  3:29  Drone x8  
  43  3:34  Burrow  
  43  3:51  Overlord x2  
  43  3:55  Extractor  
  42  3:56  Hatchery  
  41  4:09  Drone x2  
  43  4:10  Drone x6  
  49  4:24  Zergling x6  
  52  4:31  Extractor  
  52  4:33  Extractor  
  52  4:37  Zergling x2  
  51  4:42  Zergling x2  
  51  4:44  Overlord x2  
  51  4:45  Overlord x2  
  52  5:01  Queen  
  52  5:03  Zergling x2  
  52  5:04  Zergling x16  
  55  5:11  Baneling Nest  
  36  5:28  Zergling x12  
  36  5:29  Zergling x2  
  34  5:45  Drone  
  34  5:46  Drone x7  
  36  6:10  Zergling x12  
  33  6:21  Drone x4  
  33  6:23  Queen  
  33  6:25  Queen  
  36  6:54  Zergling x2  
  36  6:55  Zergling x22  
  47  7:14  Zergling x2  
  48  7:22  Drone x7  
  55  7:28  Lair  
  49  7:39  Zergling x8  
  46  7:48  Zergling x6  
  46  8:06  Zergling x16  
  52  8:21  Zergling x4  
  52  8:24  Overlord x2  
  42  8:42  Zergling x8  
  44  8:52  Zergling x6  
  44  8:53  Zergling x2  
  47  8:59  Hatchery  
  47  9:00  Zergling x4  
  47  9:01  Zergling x4  
  50  9:15  Zergling x2  
  50  9:16  Zergling x6  
  54  9:21  Zergling x6  
  47  9:40  Zergling x14  
  47  9:41  Baneling  
  47  9:42  Baneling x2  
  48  10:12  Zergling x14  
  48  10:18  Baneling x3  
  48  10:19  Zergling x12  
  48  10:20  Zergling x2  
  55  10:26  Zergling x6  
  57  10:38  Zergling x2  
  57  10:48  Zergling x10  
  58  10:50  Overlord x6  
  58  10:55  Centrifical Hooks  
  57  11:36  Zergling x12  
  57  11:37  Zergling x22  
  74  11:42  Baneling x3  
  74  11:46  Overseer  
  74  11:49  Drone x6  
  71  12:32  Zergling x24  
  81  12:41  Zergling x10  
  61  12:53  Overseer  
  44  13:01  Baneling  
  44  13:02  Baneling x3  
  24  13:23  Drone  
  24  13:24  Drone x6  
  24  13:26  Zergling x2  
  32  13:27  Zergling x2  
  32  13:43  Spore Crawler  
  32  13:45  Spore Crawler  
  32  13:46  Spore Crawler  
  29  13:48  Baneling x2  
  29  13:49  Baneling x2, Queen  
  29  13:51  Hatchery  
  29  13:54  Spore Crawler  
  30  14:10  Drone x8  
Show
View Real Time Build Order
Export as new Build Order

Kornisey Protoss 

Build Orders: Oracle Opening 

Get SALT Encoding   

  12  0:00  Probe  
  13  0:12  Probe  
  14  0:17  Pylon  
  14  0:24  Probe  
  15  0:36  Probe (Chrono Boost)  
  15  0:38  Gateway  
  16  0:45  Assimilator  
  16  0:48  Probe (Chrono Boost)  
  17  0:58  Probe (Chrono Boost)  
  18  1:05  Probe  
  19  1:17  Probe  
  20  1:26  Cybernetics Core  
  20  1:41  Probe  
  20  1:42  Assimilator  
  21  1:54  Nexus  
  21  1:57  Probe  
  22  2:07  Stargate  
  23  2:21  Pylon  
  23  2:27  Probe  
  23  2:32  Pylon  
  23  2:38  Adept  
  23  2:41  Probe  
  26  2:44  Warp Gate  
  26  2:48  Oracle (Chrono Boost)  
  29  2:53  Probe  
  30  3:04  Pylon  
  30  3:07  Probe (Chrono Boost)  
  30  3:09  Probe (Chrono Boost)  
  32  3:19  Probe (Chrono Boost)  
  34  3:20  Probe (Chrono Boost)  
  36  3:27  Probe x2 (Chrono Boost), Robotics Facility  
  36  3:32  Probe (Chrono Boost)  
  36  3:34  Probe, Shield Battery  
  38  3:44  Probe  
  38  3:46  Probe  
  40  4:04  Probe  
  40  4:05  Probe  
  44  4:16  Probe, Robotics Bay  
  44  4:17  Probe  
  44  4:21  Gateway  
  44  4:24  Gateway  
  44  4:26  Gateway, Pylon  
  44  4:33  Assimilator  
  44  4:34  Stalker  
  44  4:38  Probe (Chrono Boost), Assimilator  
  47  4:43  Probe (Chrono Boost)  
  49  4:55  Probe x2 (Chrono Boost)  
  48  5:11  Stalker  
  41  5:28  Void Ray (Chrono Boost)  
  41  5:29  Adept  
  41  5:30  Adept x2  
  41  5:35  Immortal (Chrono Boost)  
  51  5:50  Probe x2  
  51  5:51  Shield Battery, Adept x3  
  51  5:52  Adept  
  61  6:02  Probe x2  
  63  6:14  Probe x2  
  63  6:19  Stalker x3  
  65  6:26  Probe x2  
  65  6:27  Pylon  
  65  6:28  Extended Thermal Lance  
  67  6:36  Pylon  
  67  6:37  Pylon  
  67  6:45  Colossus  
  73  6:58  Stalker x2  
  73  6:59  Stalker x2  
  79  7:27  Stalker x4  
  66  7:43  Colossus (Chrono Boost)  
  66  7:55  Adept x4  
  72  8:19  Shield Battery, Stalker x4  
  66  8:45  Stalker x3  
  66  8:46  Stalker  
  74  8:53  Twilight Council  
  62  9:12  Stalker x2  
  62  9:13  Stalker x2  
  62  9:16  Colossus (Chrono Boost)  
  76  9:29  Pylon  
  58  9:43  Stalker x4  
  64  9:49  Blink (Chrono Boost)  
  62  10:01  Dark Shrine  
  62  10:03  Gateway  
  60  10:12  Stalker x2  
  60  10:13  Zealot x2  
  68  10:20  Pylon  
  68  10:21  Gateway  
  68  10:24  Gateway  
  58  10:35  Zealot x3  
  60  10:36  Zealot  
  66  10:58  Nexus  
  66  11:01  Pylon  
  66  11:15  Dark Templar x4  
  74  11:20  Dark Templar  
  76  11:26  Charge (Chrono Boost)  
  76  12:12  Probe x2  
  76  12:13  Stalker x3  
  76  12:14  Stalker x3  
  70  12:26  Probe (Chrono Boost)  
  71  12:30  Probe (Chrono Boost)  
  71  12:34  Dark Templar  
  66  12:40  Probe (Chrono Boost)  
  57  12:44  Probe (Chrono Boost)  
  56  12:52  Dark Templar x2  
  56  12:56  Probe  
  59  13:08  Probe  
  59  13:12  Dark Templar x3  
  58  13:29  Stalker x2  
  58  13:30  Stalker x2  
  64  13:43  Colossus (Chrono Boost)  
  70  13:50  Stalker  
  70  13:52  Zealot x3  
  70  13:53  Zealot x3  
  80  14:15  Shield Battery, Stalker x3  
  80  14:16  Shield Battery, Stalker x2  
  88  14:24  Archon  
Tags
 
Add a new tag
Caveats
  • Supply blocks, unpowered buildings, or Contaminate may cause inaccurate times.
  • Supply counts are checked every 10 seconds.